 Dungeon Crawl Stone Soup version 0.28.0-1-gb440e238dd (webtiles) character file.

Game seed: 2202822643432072831

138 lennort the Slasher (level 5, -16/50 HPs)
             Began as a Naga Berserker on Feb 24, 2022.
             Was a Plaything of Xom.
             Demolished by a polar bear (22 damage)
             ... created by the rage of Trog
             ... on level 4 of the Dungeon.
             The game lasted 00:33:13 (1486 turns).

lennort the Slasher (Naga Berserker)                Turns: 1486, Time: 00:33:15

Health: -16/50     AC:  7    Str: 21    XL:     5   Next: 21%
Magic:  5/5        EV:  8    Int:  8    God:    Xom [...*..]
Gold:   75         SH:  0    Dex: 10    Spells: 4/4 levels left

rFire   + . .      SeeInvis +   e - +2 dagger (drain)
rCold   . . .      Faith    .   (no shield)
rNeg    . . .      Spirit   .   i - +1 scale mail {rF+}
rPois   +          Reflect  .   (no helmet)
rElec   .          Harm     .   (no cloak)
rCorr   .          Rampage  .   g - +0 pair of gloves
Will    .....                   (no barding)
Stlth   ..........              (no amulet)
HPRegen 0.16/turn               (no ring)
MPRegen 0.09/turn               (no ring)

@: very slow
A: AC +1, large, see invisible, deformed body, poison resistance, slowness 2,
spit poison 1, naga tail 1
a: Spit Poison, Renounce Religion


You were on level 4 of the Dungeon.
You worshipped Xom.
You were a favourite toy of Xom.
You visited 1 branch of the dungeon, and saw 4 of its levels.

You collected 75 gold pieces.

Inventory:

Hand Weapons
 a - a +0 falchion
 e - a +2 dagger of draining (weapon)
Missiles
 c - 15 arrows
 f - 49 stones (quivered)
Armour
 b - a +0 animal skin
 g - a +0 pair of gloves (worn)
 i - a +1 scale mail of fire resistance (worn)
Magical Staves
 k - a staff of cold
Scrolls
 d - a scroll of noise
 l - a scroll of fog {unknown}
 m - a scroll of enchant weapon {unknown}
Potions
 h - a potion of magic
 j - a potion of degeneration {unknown}


   Skills:
 + Level 3.8 Fighting
 + Level 4.5 Long Blades
 + Level 0.3 Throwing
 + Level 2.0 Armour
 + Level 2.2 Dodging


You had 4 spell levels left.
You didn't know any spells.
Your spell library was empty.

Dungeon Overview and Level Annotations

Branches:
Dungeon (4/15)
 Temple: D:4-7

Altars:
Xom
Yredelemnul


Innate Abilities, Weirdness & Mutations

Your serpentine skin is tough. (AC +1)
You have supernaturally acute eyesight. (SInv)
Armour fits poorly on your strangely shaped body.
Your system is resistant to poisons. (rPois)
You cover ground very slowly.
You can spit poison.
You have a snake-like lower body.


Message History

The gnoll barely misses you. The gnoll hits you with a +0 flail!
The gnoll hits you but does no damage. The gnoll hits you with a +0 flail.
There is a stone staircase leading up here.
Xom's power touches on a nearby monster.
The gnoll suddenly stops moving!
The gnoll hits you but does no damage.
Throw: 49 stones
Press: ? - help, Q - select action, (/) - cycle Shift-Dir - straight line, f - gnoll
Aim: a gnoll, wielding a +0 flail (heavily wounded, 60% to hit)
Okay, then.
Aiming: Spit Poison (1% risk of failure)
Press: ? - help, Shift-Dir - straight line, f - gnoll
Aim: a gnoll, wielding a +0 club (paralysed, 100% to hit)
The splash of poison hits the gnoll.
The gnoll is almost dead.
The gnoll hits you with a +0 flail.
You hit the gnoll.
You kill the gnoll!
Trog sends monsters to punish you. 3 black bears and 3 polar bears come into view.
The black bear moves out of view.
You have got your breath back.
You hear an angry growl.
The polar bear bites you!!
* * * LOW HITPOINT WARNING * * *
The polar bear barely misses you. x2
The black bear rages.
The polar bear bites you.
* * * LOW HITPOINT WARNING * * *
The polar bear barely misses you. The polar bear claws you.
* * * LOW HITPOINT WARNING * * *
Found a scroll labelled ENEUPP VIESADO.
The polar bear rages.
The polar bear completely misses you. The polar bear claws you.
* * * LOW HITPOINT WARNING * * *
The polar bear claws you.
* * * LOW HITPOINT WARNING * * *
The polar bear bites you!!
You die...
Xom giggles madly!

........#.?. ..
......<.... .....
..........##....
................
............#.. .
............ .## ..
.........##.#..##.##
.......@###.g)......
......hhh##.<.......
........hh##)h.##...
.........h.#....^...
##..###....g.(......
#... ##......##....
..# #........##...
.. .....##...## ..#
.....#..... ##


You could see 3 polar bears, 3 black bears and a gnoll.

Vanquished Creatures
  An orc priest (D:3)
  Terence (D:2)
  3 gnolls
  An adder (D:2)
  A dart slug (D:2)
  2 orcs (D:3)
  2 endoplasms
  3 giant cockroaches
  3 goblins
  3 hobgoblins
  2 jackals (D:1)
  3 kobolds (D:1)
  3 quokkas (D:1)
  4 ball pythons
  5 bats
  2 frilled lizards
  2 rats (D:1)
41 creatures vanquished.

Vanquished Creatures (others)
  3 plants (D:1)
3 creatures vanquished.

Grand Total: 44 creatures vanquished

Notes
Turn   | Place    | Note
-------+----------+-------------------------------------------
     0 | D:1      | lennort the Naga Berserker began the quest for the Orb.
     0 | D:1      | Reached XP level 1. HP: 21/21 MP: 1/1
    91 | D:1      | Fell from the grace of Trog
   109 | D:1      | Found a faded altar of an unknown god.
   134 | D:1      | Prayed at the altar of an unknown god.
   134 | D:1      | Became a worshipper of Xom of Chaos
   135 | D:1      | XOM: silly message
   188 | D:1      | XOM: silly message
   193 | D:1      | Reached XP level 2. HP: 12/28 MP: 2/2
   353 | D:1      | XOM: silly message
   736 | D:1      | XOM: cloud trail
   752 | D:1      | Reached XP level 3. HP: 21/30 MP: 3/3
   839 | D:2      | Noticed Terence
   907 | D:2      | Killed Terence
   908 | D:2      | Reached XP level 4. HP: 36/42 MP: 4/4
   926 | D:2      | Reached skill level 4 in Long Blades
  1106 | D:3      | Paralysed by Trog for 4 turns
  1338 | D:3      | Found a basalt altar of Yredelemnul.
  1458 | D:4      | XOM: summons friendly white imp
  1464 | D:4      | Reached XP level 5. HP: 45/49 MP: 5/5
  1478 | D:4      | XOM: enchant monster (good)
  1483 | D:4      | Noticed a black bear
  1483 | D:4      | Noticed a black bear
  1483 | D:4      | Noticed a polar bear
  1483 | D:4      | Noticed a polar bear
  1483 | D:4      | Noticed a black bear
  1483 | D:4      | Noticed a polar bear
  1486 | D:4      | Demolished by a polar bear

Illustrated notes

Levels and vault maps discovered:
D:1:      psy_arrival_statuary, layout_loops_corners,
          dreamdust_ecumenical_altar_grove
D:2:      layout_loops_ring, minivault_5, uniq_terence
D:3:      layout_loops_ring, mainiacjoe_overflow_surrounded_room,
          lemuel_crystal_altar, minmay_strange_pillars
D:4:      layout_cave_pools, fedhas_altar_2, minmay_temple_entry_poolview,
          serial_shops, kennysheep_little_box

Skill      XL: |  1  2  3  4 |
---------------+-------------+-----
Dodging        | 2 |  2.2
Long Blades    | 4 |  4.5
Armour         | 2 |  2.0
Fighting       | |  3.8
Throwing       | |  0.3

Action                   |  1- 3 |  4- 6 || total
-------------------------+-------+-------++-------
Melee: Falchion          |    42 |       ||    42
       Dagger            |    32 |    40 ||    72
       Punch             |     1 |     2 ||     3
Throw: Stone             |     1 |    21 ||    22
Invok: Renounce Religion |     1 |       ||     1
 Abil: Spit Poison       |     5 |     3 ||     8
  Use: Scroll            |     2 |     2 ||     4
Armor: Animal skin       |     4 |       ||     4
       Scale mail        |    25 |    14 ||    39
Dodge: Dodged            |    31 |    24 ||    55
